Map: [ESL] Solaris

Players

LiquidCure (Cure)

  • Race: Terran Terran
  • League: Master
  • Spawn Location: 1:00

DKZDark (Dark) - Winner!

  • Race: Zerg Zerg
  • League: Master
  • Spawn Location: 7:00

VOD

Have the link to the VOD?

Description

Time

  • Played on: Dec. 20, 2023, 9:28 a.m.
  • Length: 15:04
Show
View Real Time Build Order
Export as new Build Order

LiquidCure Terran 

Build Orders:  

Get SALT Encoding   

  12  0:00  SCV  
  13  0:12  SCV  
  14  0:17  Supply Depot  
  14  0:24  SCV  
  15  0:38  SCV  
  15  0:40  Barracks  
  15  0:42  Refinery  
  16  0:51  SCV  
  17  0:58  Barracks  
  17  1:03  SCV  
  18  1:15  SCV  
  19  1:27  Orbital Command, Reaper  
  19  1:32  Supply Depot  
  20  1:45  Reaper  
  21  1:52  SCV  
  22  2:02  Reaper  
  22  2:04  SCV  
  24  2:09  Command Center  
  24  2:15  Refinery  
  24  2:17  SCV  
  25  2:29  SCV  
  26  2:41  SCV  
  27  2:46  Factory  
  27  2:53  SCV  
  27  2:56  Command Center  
  28  2:59  Barracks Tech Lab, Barracks Reactor  
  28  3:05  SCV  
  29  3:17  SCV  
  30  3:22  Orbital Command  
  30  3:28  Marine  
  30  3:29  SCV  
  30  3:30  Factory Reactor  
  30  3:31  Starport  
  30  3:33  Factory Tech Lab  
  32  3:35  Marine x2  
  32  3:39  Stimpack  
  34  3:43  SCV  
  33  3:49  Marine  
  33  3:50  SCV  
  33  3:53  Marine  
  33  3:55  SCV  
  36  4:02  SCV  
  37  4:07  SCV  
  37  4:08  Orbital Command  
  37  4:09  Factory Reactor  
  38  4:13  Marine  
  38  4:14  SCV, Marine x2  
  42  4:17  Banshee  
  42  4:19  SCV  
  46  4:25  Supply Depot  
  46  4:26  SCV  
  47  4:31  SCV, Marine x3  
  47  4:34  SCV  
  52  4:39  SCV  
  52  4:43  SCV  
  54  4:45  Supply Depot  
  54  4:46  SCV  
  54  4:49  Marine x3  
  54  4:51  SCV, Refinery  
  59  4:55  Supply Depot, SCV  
  59  4:58  SCV  
  61  5:00  Refinery  
  61  5:03  SCV  
  62  5:07  Siege Tank, SCV  
  62  5:08  Supply Depot  
  62  5:09  Marine x3, Medivac x2  
  74  5:14  SCV  
  74  5:15  SCV  
  74  5:20  SCV, Engineering Bay  
  76  5:22  Engineering Bay  
  76  5:23  Combat Shield  
  76  5:25  Orbital Command  
  76  5:29  Marine, Barracks  
  76  5:30  Marine  
  76  5:31  Marine  
  76  5:33  SCV x2  
  81  5:38  Supply Depot  
  81  5:43  Siege Tank  
  81  5:47  Marine x2  
  81  5:48  Marine  
  81  5:49  Terran Infantry Weapons Level 1, Starport Reactor  
  87  6:00  Terran Infantry Armor Level 1  
  87  6:05  SCV x2, Marine x2, Barracks  
  87  6:06  SCV, Marine  
  87  6:08  Barracks  
  93  6:13  Supply Depot  
  93  6:19  Siege Tank  
  93  6:23  Marine x2  
  93  6:24  SCV x2  
  93  6:25  SCV  
  101  6:31  Marine  
  101  6:32  Marine x2  
  99  6:33  Supply Depot  
  99  6:35  Supply Depot, Medivac  
  103  6:41  Marine  
  103  6:45  Marine  
  103  6:46  Medivac  
  103  6:48  SCV  
  103  6:49  SCV, Marine  
  103  6:50  Marine x2  
  108  6:56  Siege Tank  
  108  6:59  Marine  
  108  7:00  Barracks Reactor x2  
  109  7:05  Medivac  
  111  7:08  Supply Depot  
  111  7:09  SCV x3  
  111  7:11  Supply Depot  
  112  7:17  Marine x5  
  112  7:21  Factory, Armory  
  112  7:22  Refinery x2  
  117  7:26  SCV  
  117  7:27  SCV x2  
  120  7:32  Widow Mine, Medivac  
  120  7:36  Supply Depot  
  124  7:46  Supply Depot, Marine x3, Command Center  
  124  7:47  Marine x2  
  129  7:53  Widow Mine  
  129  7:55  Supply Depot  
  131  8:00  SCV  
  131  8:01  Supply Depot, SCV x2  
  131  8:05  Factory Reactor  
  134  8:14  Widow Mine  
  134  8:15  Marine x5  
  134  8:17  Drilling Claws  
  134  8:18  Terran Infantry Armor Level 2, Terran Infantry Weapons Level 2  
  141  8:24  Marine x4  
  144  8:33  Marine x4, Command Center  
  147  8:36  Marine  
  147  8:38  SCV  
  147  8:39  SCV x2  
  143  8:42  Marine x3  
  144  8:50  Marine  
  144  8:51  Marine x3  
  144  8:52  Widow Mine  
  144  8:53  Widow Mine x2  
  154  9:01  SCV x3  
  157  9:05  Sensor Tower  
  157  9:08  Barracks x2  
  157  9:09  Barracks  
  157  9:10  Concussive Shells  
  157  9:16  Supply Depot  
  157  9:17  SCV x3  
  157  9:18  Supply Depot  
  157  9:28  Marine x4, Marauder  
  163  9:37  Medivac  
  163  9:38  Widow Mine x2, Medivac  
  165  9:39  Marine x2  
  165  9:40  Widow Mine  
  169  9:50  Marauder  
  169  9:55  Barracks Tech Lab x2, Marine x4  
  148  10:04  SCV x3  
  141  10:07  Medivac  
  141  10:08  Medivac  
  141  10:09  Marine x4  
  141  10:11  Barracks Tech Lab, Marauder  
  124  10:16  SCV x3  
  127  10:21  Marine x4, Marauder  
  127  10:22  Marauder  
  127  10:26  Widow Mine x3  
  141  10:32  Marine x4, Marauder x2  
  149  10:37  Medivac  
  149  10:38  Medivac  
  149  10:39  Marine x4  
  157  10:43  Marauder x2  
  157  10:47  Widow Mine  
  157  10:48  Widow Mine x2  
  159  10:51  Marine x4  
  159  10:54  Planetary Fortress, Marauder x2  
  167  11:04  Marauder  
  167  11:08  Marine x4, Marauder  
  167  11:09  Widow Mine x3  
  179  11:14  Sensor Tower  
  179  11:15  Marauder  
  173  11:28  Marine x4, Marauder  
  173  11:30  Marauder, Widow Mine x2  
  173  11:31  Widow Mine  
  179  11:34  Command Center  
  174  11:53  Marine x2  
  174  11:54  Marine x4, Marauder x2  
  170  11:56  Widow Mine x3, Medivac x2  
  170  12:01  Marine x2  
  180  12:10  Ghost Academy  
  180  12:16  Sensor Tower  
  179  12:23  Marauder x3  
  179  12:26  Marine x6  
  186  12:34  Widow Mine x3, Medivac x2  
  171  12:41  Marine x2, Marauder  
  171  12:44  Marine x4, Marauder x2  
  166  12:46  Personal Cloaking  
  166  12:49  Marine x3  
  151  12:59  Marine x2  
  151  13:01  Marine  
  151  13:02  Marine  
  151  13:03  Marauder  
  151  13:05  Marine x2  
  135  13:07  Widow Mine  
  135  13:08  Marine x2  
  138  13:17  Marine x2  
  116  13:26  Marine x4, Marauder  
  113  13:34  Supply Depot x2  
  98  13:48  Marine x2  
  63  13:49  Marauder  
Show
View Real Time Build Order
Export as new Build Order

DKZDark Zerg - Winner!

Build Orders: Hatch First 

Get SALT Encoding   

  12  0:00  Drone  
  13  0:12  Overlord  
  13  0:17  Drone  
  14  0:30  Drone x2  
  16  0:47  Hatchery  
  15  0:50  Drone  
  15  0:53  Drone  
  17  0:57  Drone  
  17  1:00  Extractor  
  17  1:13  Spawning Pool  
  17  1:16  Drone  
  17  1:19  Drone  
  18  1:27  Drone  
  19  1:39  Drone  
  20  1:49  Drone  
  21  1:59  Queen x2  
  27  2:01  Zergling x4  
  27  2:02  Metabolic Boost  
  27  2:12  Zergling x2, Overlord  
  28  2:28  Hatchery  
  27  2:35  Drone  
  27  2:36  Drone  
  28  2:39  Spore Crawler  
  28  2:45  Drone x3  
  28  2:50  Queen  
  32  3:00  Zergling x6  
  35  3:07  Overlord  
  35  3:25  Drone x8  
  43  3:33  Overlord  
  43  3:39  Queen  
  45  3:42  Overlord  
  45  3:43  Drone  
  45  3:47  Drone  
  46  3:50  Drone  
  46  3:53  Queen  
  46  3:55  Drone x2  
  51  4:00  Drone x2  
  53  4:05  Drone x5  
  53  4:06  Drone  
  53  4:08  Drone  
  60  4:12  Drone  
  60  4:13  Drone x2  
  63  4:19  Queen  
  65  4:28  Overlord  
  65  4:31  Queen, Extractor  
  66  4:32  Extractor  
  66  4:33  Drone  
  66  4:34  Overlord  
  66  4:36  Lair  
  66  4:43  Overlord  
  66  4:46  Drone  
  66  4:47  Drone x7  
  66  4:52  Drone x2  
  76  4:56  Baneling Nest  
  75  5:00  Drone x3  
  75  5:02  Drone  
  75  5:04  Drone x2  
  75  5:06  Drone x3  
  84  5:08  Extractor  
  84  5:09  Drone x2, Extractor  
  84  5:13  Drone  
  85  5:16  Spore Crawler  
  85  5:20  Drone, Evolution Chamber  
  84  5:22  Drone, Evolution Chamber  
  84  5:26  Hatchery  
  83  5:34  Overseer  
  83  5:37  Drone  
  83  5:40  Centrifugal Hooks  
  83  5:41  Hatchery  
  83  5:43  Zergling x12  
  83  5:47  Drone  
  83  5:48  Zerg Melee Weapons Level 1  
  90  5:50  Zerg Ground Armor Level 1  
  90  5:53  Overlord  
  90  5:57  Overlord  
  90  5:58  Overlord  
  90  6:05  Baneling  
  90  6:06  Baneling x7  
  90  6:12  Overlord  
  90  6:13  Zergling x16  
  90  6:18  Zergling x12  
  101  6:30  Zergling x10  
  102  6:38  Zergling x2  
  102  6:39  Zergling x2  
  103  6:45  Drone x2  
  99  6:49  Drone  
  99  6:50  Drone, Hydralisk Den  
  100  6:56  Drone x2  
  100  6:58  Zergling x4  
  100  6:59  Baneling x3  
  100  7:00  Baneling  
  104  7:03  Zergling x6  
  107  7:08  Zergling x2  
  107  7:18  Hatchery  
  107  7:19  Zergling x16  
  114  7:27  Baneling x3  
  114  7:28  Baneling x3  
  114  7:29  Zergling x2  
  118  7:30  Zergling x14  
  118  7:32  Hatchery  
  121  7:38  Grooved Spines  
  121  7:40  Drone, Infestation Pit  
  121  7:42  Zergling x6  
  121  7:43  Baneling x3  
  124  7:44  Zerg Melee Weapons Level 2, Burrow  
  124  7:45  Zerg Ground Armor Level 2  
  124  7:49  Drone x3  
  124  7:50  Overlord  
  127  7:51  Overlord  
  127  7:53  Overlord  
  127  7:55  Overlord  
  127  7:58  Overlord  
  127  8:01  Overlord  
  127  8:08  Overlord  
  127  8:11  Zergling x20  
  136  8:15  Zergling x2  
  136  8:19  Hive  
  135  8:20  Zergling x2  
  135  8:21  Zergling x4  
  135  8:28  Muscular Augments  
  128  8:34  Drone x7  
  128  8:35  Drone  
  128  8:37  Hydralisk  
  128  8:38  Hydralisk x3  
  142  8:44  Overlord  
  142  8:45  Overlord  
  142  8:48  Overlord  
  139  8:50  Hydralisk x2  
  139  8:54  Drone x2  
  139  8:55  Drone x3  
  147  8:58  Zergling x6  
  147  9:00  Baneling  
  147  9:01  Baneling x4  
  150  9:07  Hydralisk x3  
  155  9:10  Zergling x4  
  155  9:12  Baneling x2  
  155  9:15  Zergling x10  
  161  9:20  Zergling x12  
  158  9:28  Zergling x2  
  158  9:29  Zergling x2  
  160  9:36  Drone x3  
  160  9:37  Zergling x28  
  171  9:40  Baneling x3  
  171  9:42  Adrenal Glands  
  171  9:47  Baneling x2  
  167  9:56  Zergling x2  
  167  9:57  Zergling x32  
  170  10:03  Zergling x10  
  162  10:11  Pneumatized Carapace  
  162  10:13  Zergling x18  
  158  10:16  Viper  
  158  10:17  Viper x2  
  158  10:20  Zerg Ground Armor Level 3  
  158  10:21  Baneling x4  
  166  10:26  Zerg Missile Weapons Level 1  
  166  10:28  Zergling x8, Overseer  
  169  10:32  Baneling x3  
  170  10:36  Drone  
  170  10:37  Spore Crawler, Overseer, Zergling x16  
  170  10:42  Zergling x4  
  161  10:50  Zergling x24  
  161  10:56  Zergling x10  
  178  11:02  Zergling x2  
  178  11:03  Zergling x2  
  175  11:13  Zergling x28  
  175  11:16  Baneling x11  
  175  11:37  Zergling x30  
  186  11:51  Zergling x24  
  192  11:55  Zergling x4  
  192  11:56  Baneling x4, Zergling x2  
  192  12:00  Hatchery  
  194  12:02  Zergling x10  
  199  12:11  Baneling x22  
  196  12:20  Zerg Melee Weapons Level 3  
  196  12:21  Zergling x22  
  195  12:32  Zergling x24  
  197  12:40  Zergling x20  
  197  12:41  Zergling x2  
  199  12:49  Baneling x11  
  198  12:55  Zergling x14  
  196  13:03  Zergling x4  
  196  13:04  Zergling x12  
  188  13:06  Baneling x8  
  188  13:07  Baneling x11  
  176  13:15  Zergling x8  
  176  13:17  Zergling x2  
  174  13:26  Zergling x2  
  174  13:27  Zergling x8  
  174  13:32  Zergling x6  
  172  13:38  Zergling x6  
  172  13:40  Zergling x2  
  160  13:45  Zergling x6  
  144  13:48  Zergling x4  
Tags
 
Matchup
TvZ
Player
CureDark
Replay Pack
December 2023
Spawn Locations
Cross Positions
Add a new tag
Caveats
  • Supply blocks, unpowered buildings, or Contaminate may cause inaccurate times.
  • Supply counts are checked every 10 seconds.